 Dungeon Crawl Stone Soup version 0.27-a0-364-g31b3477d74 (webtiles) character file.

Game seed: 10049903534570443954

225 sanka the Insei (level 5, -20/36 HPs)
             Began as a Vampire Transmuter on Feb 16, 2021.
             Demolished by an ogre
             ... wielding a +0 giant club
              (22 damage)
             ... while paralysed
             ... on level 4 of the Dungeon.
             The game lasted 00:05:10 (2731 turns).

sanka the Insei (Vampire Transmuter)                Turns: 2731, Time: 00:05:11

Health: -20/36     AC:  2    Str:  9    XL:     5   Next: 68%
Magic:  6/8        EV:  5    Int: 16    God:
Gold:   211        SH:  0    Dex: 20    Spells: 2/8 levels left

rFire    . . .     SeeInvis +     - Unarmed
rCold    . . .     Faith    .   (shield currently unavailable)
rNeg     . . .     Spirit   .   (armour currently unavailable)
rPois    x         Reflect  .   (helmet currently unavailable)
rElec    .         Harm     .   (cloak currently unavailable)
rCorr    .         Rampage  .   (gloves currently unavailable)
Will     .....                  (boots currently unavailable)
Stlth    ++........             b - amulet of the acrobat
HPRegen  0.32/turn              (no ring)
MPRegen  0.11/turn              (no ring)

@: paralysed, spider-form (expiring), berserk cooldown, regenerating quickly,
slowed
A: tiny, see invisible
a: Exsanguinate, End Transformation


You were on level 4 of the Dungeon.
You were a venomous arachnid creature.
You visited 1 branch of the dungeon, and saw 4 of its levels.

You collected 211 gold pieces.


Innate Abilities, Weirdness & Mutations

Your natural rate of healing is unusually fast.
((You have razor-sharp teeth.))
You have supernaturally acute eyesight. (SInv)
((You can survive without breathing.))


   Skills:
 - Level 0.8 Fighting
 - Level 2.1 Dodging
 - Level 5.0 Unarmed Combat
 - Level 2.0 Spellcasting
 + Level 4.7 Transmutations
 - Level 2.0 Poison Magic


You had 2 spell levels left.
You knew the following spells:

 Your Spells              Type           Power        Failure   Level
x - Spider Form           Tmut/Pois      6%           34%         3
y - Wereblood             Tmut           16%          14%         2
z - Beastly Appendage     Tmut           32%          11%         1

Your spell library contained the following spells:

 Spells                   Type           Power        Failure   Level
 Magic Dart               Conj           4%           41%         1
 Blink                    Tloc           N/A          52%         2
 Call Imp                 Summ           1%           52%         2
 Slow                     Hex            1%           52%         2
 Mephitic Cloud           Conj/Pois/Air  3%           65%         3
 Conjure Flame            Conj/Fire      1%           73%         3
 Ice Form                 Ice/Tmut       9%           80%         4
 Blade Hands              Tmut           8%           82%         5

Inventory:

Armour
 a - a +0 robe (melded)
 m - a +0 cloak (melded)
Jewellery
 b - an amulet of the acrobat (around neck)
Wands
 j - a wand of charming (6)
Scrolls
 d - 4 scrolls of teleportation {unknown}
 g - a scroll of amnesia {unknown}
 h - a scroll of blinking {unknown}
 k - a scroll of enchant armour {unknown}
 l - a scroll of identify {unknown}
 n - 2 scrolls of magic mapping {unknown}
Potions
 c - 2 potions of berserk rage {!q}
 e - a potion of resistance {unknown}
 f - a potion of magic {unknown}
 i - a potion of brilliance {unknown}
 o - 2 potions of curing {unknown}
 p - a potion of heal wounds {unknown}
 q - a potion of mutation {unknown}

Dungeon Overview and Level Annotations

Branches:
Dungeon (4/15)
 Temple: D:4-7

Altars:
Fedhas
Yredelemnul

Annotations:
D:4 Sigmund

▒▒▒▒▒▒.▒▒▒▒▒.▒
▒......▒.....▒▒▒▒
▒▒▒▒▒▒.▒▒▒..▒.........
▒......▒ ▒........▒▒▒▒
▒.▒▒▒▒.▒▒▒.....)..▒
▒▒▒.▒▒▒▒........<...▒
........▒▒▒▒▒.......▒
.▒▒.▒▒▒.▒ ▒▒.▒▒▒▒▒▒
▒s▒ ▒.▒ ▒O▒ ▒ .@▒ ▒..▒
▒..▒ ...▒ ..▒▒ ...


You could see Sigmund (invisible) and an ogre.


Message History

The ogre shouts!
You bump into the rock wall.
It was a potion of berserk rage.
A red film seems to cover your vision as you go berserk!
You feel yourself moving faster!
You feel mighty! Sigmund closely misses you.
You bump into the rock wall.
You feel a strong urge to attack something.
You bump into the rock wall.
You're too confused to move!
You feel your anger nearly subside.
Your transformation is almost over.
Sigmund hits you from afar with a +0 scythe.
Unknown command.
You bump into the rock wall.
You are no longer berserk.
You pass out from exhaustion.
You feel yourself slow down.
Sigmund hits you from afar with a +0 scythe.
You feel less confused.
The ogre hits you with a +0 giant club!!
Ouch! That really hurt!
* * * LOW HITPOINT WARNING * * *
Sigmund points at himself and mumbles some strange words.
Sigmund flickers and vanishes for a moment.
Sigmund barely misses you.
The ogre hits you with a +0 giant club!!
Ouch! That really hurt!
You die...

Action                   |  1- 3 |  4- 6 || total
-------------------------+-------+-------++-------
Melee: Unarmed           |   100 |   105 ||   205
       Bite              |     9 |     7 ||    16
       Headbutt          |     7 |     4 ||    11
       Kick              |    19 |    10 ||    29
       Punch             |     2 |     2 ||     4
 Cast: Beastly Appendage |    19 |     6 ||    25
       Spider Form       |     1 |     4 ||     5
  Use: Potion            |       |     1 ||     1
 Stab: Sleeping          |       |     3 ||     3
Armor: Robe              |     9 |    13 ||    22
Dodge: Dodged            |    66 |    80 ||   146

Levels and vault maps discovered:
D:1:      lemuel_arrival_funnel, layout_basic, solitary_fountain
D:2:      layout_basic, fedhas_altar_fruit_tree, uniq_terence
D:3:      layout_rooms, yredelemnul_altar_generic,
          chequers_ecumenical_altar_simple
D:4:      layout_loops_corners, chequers_temple_overflow_statue_of_worship,
          temple_pool_b, ebering_ghost_sewer_d, hangedman_decor_points,
          uniq_sigmund, uniq_robin

Notes
Turn   | Place    | Note
-------+----------+-------------------------------------------
     0 | D:1      | sanka the Vampire Transmuter began the quest for the Orb.
     0 | D:1      | Reached XP level 1. HP: 14/14 MP: 3/3
   219 | D:1      | Reached skill level 4 in Unarmed Combat
   219 | D:1      | Reached XP level 2. HP: 15/20 MP: 3/5
   239 | D:1      | Learned a level 2 spell: Wereblood
   407 | D:1      | Reached XP level 3. HP: 23/25 MP: 6/6
   501 | D:1      | Learned a level 3 spell: Spider Form
  1126 | D:2      | Reached skill level 5 in Unarmed Combat
  1323 | D:2      | Noticed Terence
  1328 | D:2      | Killed Terence
  1329 | D:2      | Reached skill level 1 in Poison Magic
  1329 | D:2      | Reached XP level 4. HP: 31/31 MP: 3/7
  1410 | D:2      | Found a blossoming altar of Fedhas.
  1947 | D:3      | Reached skill level 3 in Transmutations
  2137 | D:3      | Found a basalt altar of Yredelemnul.
  2165 | D:3      | Found a faded altar of an unknown god.
  2453 | D:3      | Noticed a bullfrog
  2464 | D:3      | Killed a bullfrog
  2465 | D:3      | Reached skill level 4 in Transmutations
  2465 | D:3      | Reached skill level 2 in Poison Magic
  2465 | D:3      | Reached XP level 5. HP: 25/36 MP: 4/8
  2716 | D:4      | Noticed Sigmund
  2722 | D:4      | Noticed an ogre
  2730 | D:4      | HP: 2/36 [ogre/+0 giant club (29)]
  2731 | D:4      | Demolished by an ogre

Vanquished Creatures
  A bullfrog (D:3)
  Terence (D:2)
  An orc wizard (D:3)
  An adder (D:3)
  2 oozes
  A worm (D:4)
  4 leopard geckos
  8 orcs
  5 bats
  4 giant cockroaches
  4 goblins (D:1)
  6 hobgoblins
  5 jackals
  10 kobolds
  2 quokkas (D:3)
  2 ball pythons
  9 frilled lizards
  11 rats
77 creatures vanquished.
